cohdb
Replays
Latest Replays
All Replays
Popular Replays
Top Player Replays
Match Explorer
How It Works
Community
CoH3 Stats
Reddit
Sign in to upload your games and track your stats! →
Sign in with Steam
Match 27542814
Unlisted
Match 27542814
Overview
Messages
Build Orders
End
Selects Luftwaffe Battlegroup
Selects Luftwaffe Pioneer Support
Fallschirmpioneer Squad Paradrop
Construct Infanterie Kompanie
Kettenkrad Recon Vehicle
Construct Luftwaffe Kompanie
Fallschirmpioneer Squad Paradrop
Selects Reconnaissance Run
GrW 34 Mortar Team
Sniper
Selects Fallschirmjäger Squad Paradrop
Pepryn
Crazy Dog
KELE
fattyboy
Friendly Mouse(Poxie)
MadMax
assaülter
neurotypical cattle
0
0
Comments
sign in to comment!
No comments posted yet!